 Dungeon Crawl Stone Soup version 0.27.1-33-g824d729ab1 (console) character file.

Game seed: 12749649104750607803

2021 Banquo the Cutter (level 9, -6/53 HPs)
             Began as a Djinni Chaos Knight on Dec 27, 2021.
             Was a Believer of Ashenzari.
             Mangled by a vampire (11 damage)
             ... on level 8 of the Dungeon.
             The game lasted 00:39:05 (11258 turns).

Banquo the Cutter (Djinni Chaos Knight)            Turns: 11258, Time: 00:39:05

Health: -6/53      AC:  8    Str: 10 (11) XL:     9   Next: 47%
Gold:   516        EV: 15    Int: 13      God:    Ashenzari [**....] SH:  5 Dex:  5 (9)

rFire    + + .     SeeInvis +   a - +0 demon blade {freeze, Melee, Self} (curse)
rCold    x . .     Faith    .   (no shield)
rNeg     . . .     Spirit   .   q - +2 leather armour of Ashenzari's Jealousy {Melee, Evo} (curse)
rPois    ∞         Reflect  +   (no helmet)
rElec    .         Harm     .   (no cloak)
rCorr    .         Rampage  .   (no gloves)
Will     .....                  (boots unavailable)
Stlth    +.........             c - amulet "Ruined Scepticism" {Reflect SH+5, Melee, Cun} (curse)
HPRegen  0.17/turn              V - +4 ring of evasion
MPRegen  0.00/turn              A - +4 ring of protection

@: flying
A: sickness immunity, fire resistance 2, cold vulnerability 1, float, innate
caster, hp casting, extra vitality 1, clumsy 2, deformed body, deterioration 1,
dopey 2, frail 2, screaming 1
a: Renounce Religion, Shatter the Chains


You were on level 8 of the Dungeon.
You worshipped Ashenzari.
Ashenzari was pleased with you.
You visited 2 branches of the dungeon, and saw 9 of its levels.
You also visited: Ossuary.

You collected 516 gold pieces.

Inventory:

Hand Weapons
 a - the cursed +0 demon blade "Chained Gnosis" (weapon) {freeze, Melee, Self}
   (You found it in an ossuary)

   It freezes those it strikes, dealing additional cold damage.
   It can also slow down cold-blooded creatures.
   It has a curse which improves the following skills: Melee Combat: Short
   Blades, Long Blades, Axes, Maces & Flails, Polearms, Staves and Unarmed
   Combat.
   Introspection: Fighting and Spellcasting.
 b - a +0 short sword of chaos
 f - a +1 short sword of venom
 h - a +1 falchion of electrocution
 j - a +0 war axe
 s - a +0 dagger of venom
 u - a +0 trident
 x - a +3 short sword of freezing
 y - a +4 whip
Missiles
 d - 231 stones (quivered)
 n - 45 poisoned darts
Armour
 q - the cursed +2 leather armour of Ashenzari's Jealousy (worn) {Melee, Evo}

   It has a curse which improves the following skills: Melee Combat: Short
   Blades, Long Blades, Axes, Maces & Flails, Polearms, Staves and Unarmed
   Combat.
   Evocations: Evocations.
Jewellery
 c - the cursed amulet "Ruined Scepticism" (around neck) {Reflect SH+5, Melee, Cun}
   (You found it on level 1 of the Dungeon)

   [amulet of reflection]

   It reflects blocked missile attacks.
   SH:        It affects your SH (+5).
   It has a curse which improves the following skills: Melee Combat: Short
   Blades, Long Blades, Axes, Maces & Flails, Polearms, Staves and Unarmed
   Combat.
   Cunning:   Dodging and Stealth.
 p - a +4 ring of evasion
 A - a +4 ring of protection (right hand)
 V - a +4 ring of evasion (left hand)
Wands
 B - a wand of charming (9)
Scrolls
 e - 3 scrolls of teleportation
 i - a scroll of brand weapon
 l - 2 scrolls of holy word
 m - a scroll of magic mapping
 o - a scroll of fear
 r - 2 scrolls of fog
 z - a scroll of noise
Potions
 g - 4 potions of curing
 k - a potion of ambrosia
 t - 6 potions of might
 v - a potion of mutation
 w - a potion of haste


   Skills:
 - Level 5.0(6.4) Fighting
 - Level 6.7(9.8) Short Blades
 - Level 4.0 Armour
 - Level 4.0(5.3) Dodging
 * Level 5.3(6.8) Spellcasting


You had 12 spell levels left.
You knew the following spells:

 Your Spells              Type           Power      Damage    Failure   Level
a - Animate Skeleton      Necr           44%        N/A       1%          1
b - Passwall              Tmut/Erth      18%        N/A       1%          2
c - Spider Form           Tmut/Pois      11%        N/A       3%          3
h - Call Canine Familiar  Summ           22%        N/A       3%          3
Your spell library was empty.

Dungeon Overview and Level Annotations

Branches:
Dungeon (8/15)             Temple (1/1) D:5         Ossuary (visited)
   Lair: D:8-11

Altars:
Ashenzari
Dithmenos
Elyvilon
Fedhas
Gozag
Hepliaklqana
Kikubaaqudgha
Makhleb
Nemelex Xobeh
Qazlal
Ru
Sif Muna
Uskayaw
Wu Jian
Yredelemnul
Zin
The Shining One

Annotations:
D:3 1 runed translucent door, Crazy Yiuf
D:7 Eels


Innate Abilities, Weirdness & Mutations

You are immune to sickness and miasma.
You are immune to poison.
Your flesh is very heat resistant. (rF++)
You are vulnerable to cold. (rC-)
You float through the air rather than walking.
You learn spells naturally, not from books.
Your magical power is your life essence.
You have superior vitality. (+4 HP)
You are very clumsy. (Dex -4)
Armour fits poorly on your strangely shaped body.
Your body sometimes deteriorates upon taking damage.
You are very dopey. (Int -4)
You are very frail. (-20% HP)
You occasionally shout uncontrollably at your foes.


Message History

Things that are here:
a +0 dagger of chaos; a kobold skeleton A vampire is nearby!
The vampire casts a spell.
The vampire flickers and vanishes for a moment.
There is an open door here.
You hit the vampire.
The vampire is lightly damaged.
The vampire hits you. The vampire closely misses you.
You slash the vampire! You freeze the vampire.
The vampire is heavily damaged.
The vampire hits you! The vampire misses you. The vampire hits you!
The vampire closely misses you.
You hit the vampire but do no damage.
The vampire is heavily damaged.
You block the vampire's attack. The vampire closely misses you.
You closely miss the vampire.
The vampire is heavily damaged.
The vampire misses you.
The vampire bites you but does no damage.
You barely miss the vampire.
The vampire is heavily damaged.
The vampire hits you but does no damage.
The vampire bites you.
You hit the vampire but do no damage.
The vampire is heavily damaged.
The vampire hits you. The vampire bites you!
* * * LOW HITPOINT WARNING * * *
Your body deteriorates!
You feel weakened.
You closely miss the vampire.
The vampire is heavily damaged.
The vampire hits you but does no damage.
The vampire bites you!
* * * LOW HITPOINT WARNING * * *
You hit the vampire.
The vampire is heavily damaged.
The vampire completely misses you.
You riposte.
You hit the vampire.
The vampire is severely damaged.
The vampire bites you!
You die...

#.....# ###..#.# #.....#..###
#.....# ##.#.# ###..#.#..#..
......# ###..## ##>..##.####..
..##..# ##⌠##..####....#..#..#..
###...# ##...##..#....)....#..#..
#.....###.....##...#.......#..#..
...#.###.......##....#####.......
####.##....#....##)...# ##......
#.'....###...@V.##)# #......
####....#....#####.####.......
##.......##.###......##...#
##.....##..........######.
##...####..#......# .
###⌠##.###.##.....## .
####.###..............##
#.....#.....##..........
##.###...###...........##


You could see a vampire (invisible).

Vanquished Creatures
  Edmund (D:4)
  A water moccasin (D:6)
  An orc warrior (D:6)
  2 necrophages
  A centaur (D:6)
  A kobold brigand (D:8)
  A bullfrog (D:6)
  A water moccasin skeleton (D:6)
  A wight (D:6)
  A howler monkey (D:7)
  A human zombie (Ossuary)
  3 bullfrog zombies
  4 hounds
  2 centaur skeletons
  2 jellies
  5 orc priests
  4 iguanas
  6 orc wizards
  2 killer bee zombies (D:8)
  A hound zombie (Ossuary)
  A hound skeleton (D:5)
  5 mummies
  4 gnolls (D:5)
  7 adders
  9 river rats (D:6)
  A shadow imp (D:6)
  2 adder zombies (Ossuary)
  An adder skeleton (D:2)
  3 dart slugs
  18 orcs
  6 endoplasms
  2 giant cockroaches
  2 gnoll zombies (Ossuary)
  8 hobgoblins
  2 jackals (D:3)
  8 quokkas
  2 ball pythons (D:1)
  9 bats
  3 frilled lizards (D:3)
  14 goblins
  3 goblin zombies (Ossuary)
  15 kobolds
  3 orc zombies (Ossuary)
  22 rats
191 creatures vanquished.

Vanquished Creatures (collateral kills)
  An ogre (D:6)
  A bullfrog skeleton (D:6)
  A howler monkey zombie (D:6)
  3 goblins (D:2)
  A hobgoblin (D:2)
7 creatures vanquished.

Vanquished Creatures (others)
  6 plants (D:3)
6 creatures vanquished.

Grand Total: 204 creatures vanquished

Notes
Turn   | Place    | Note
-------+----------+-------------------------------------------
     0 | D:1      | Banquo the Djinni Chaos Knight began the quest for the Orb.
     0 | D:1      | Reached XP level 1. HP: 20/20 MP: 0/0
    41 | D:1      | Reached skill level 3 in Short Blades
   159 | D:1      | Found a faded altar of an unknown god.
   164 | D:1      | Reached XP level 2. HP: 25/25 MP: 0/0
   694 | D:1      | Reached XP level 3. HP: 30/30 MP: 0/0
   694 | D:1      | Learned a level 1 spell: Animate Skeleton
  1028 | D:2      | XOM: cloud trail
  1391 | D:2      | Reached skill level 4 in Short Blades
  1496 | D:2      | XOM: give mutation
  1496 | D:2      | Gained mutation: You are partially covered in iridescent
                  | scales. (AC +2) [Xom's grace]
  1591 | D:2      | Reached XP level 4. HP: 35/35 MP: 0/0
  1832 | D:2      | XOM: stat loss: -1 Str (10/11)
  1892 | D:2      | XOM: stat loss: -1 Int (13/14)
  2235 | D:3      | Found a broken altar of Ashenzari.
  2243 | D:3      | Fell from the grace of Xom
  2243 | D:3      | Became a worshipper of Ashenzari the Shackled
  2333 | D:3      | Found a runed translucent door.
  2334 | D:3      | Noticed Crazy Yiuf
  2444 | D:3      | Reached XP level 5. HP: 8/40 MP: 0/0
  2444 | D:3      | Learned a level 2 spell: Passwall
  2532 | D:3      | XOM: summons 4 hostile shadow creatures
  2533 | D:3      | Noticed an orc warrior
  2835 | D:3      | Reached skill level 5 in Short Blades
  3098 | D:4      | Noticed a necrophage
  3153 | D:4      | Killed a necrophage
  3154 | D:4      | Reached skill level 6 in Short Blades
  3154 | D:4      | Reached XP level 6. HP: 42/46 MP: 0/0
  3261 | D:4      | Found a sacrificial altar of Ru.
  3289 | D:4      | Found a sand-covered staircase.
  3309 | Ossuary  | Entered an ossuary
  3318 | Ossuary  | XOM: enchant monster (bad)
  3561 | Ossuary  | XOM: swap monsters
  3571 | Ossuary  | Reached XP level 7. HP: 45/50 MP: 0/0
  3571 | Ossuary  | Learned a level 3 spell: Call Canine Familiar
  3864 | D:3      | XOM: stat loss: -1 Int (14/15)
  3904 | D:3      | XOM: draining
  4135 | D:3      | Found an ornate altar of the Wu Jian Council.
  4257 | D:4      | Noticed Edmund
  4673 | D:4      | Killed Edmund
  4674 | D:4      | Reached skill level 1 in Spellcasting
  4827 | D:5      | Entered Level 5 of the Dungeon
  4883 | D:5      | Found a staircase to the Ecumenical Temple.
  5012 | D:5      | XOM: 1-stop teleportation journey
  5070 | D:5      | Reached * piety under Ashenzari
  5525 | D:5      | Reached XP level 8. HP: 51/58 MP: 0/0
  5733 | D:5      | XOM: give mutations
  5733 | D:5      | Gained mutation: You are clumsy. (Dex -2) [Xom's mischief]
  5733 | D:5      | Gained mutation: You are frail. (-10% HP) [Xom's mischief]
  5733 | D:5      | Lost mutation: You are partially covered in iridescent
                  | scales. (AC +2) [Xom's mischief]
  5889 | D:5      | XOM: scenery: 1 doors close
  5955 | D:6      | Found a burning altar of Makhleb.
  5961 | D:5      | XOM: summons 2 hostile shadow creatures
  5985 | Temple   | Entered the Ecumenical Temple
  6065 | Temple   | XOM: 5-stop teleportation journey
  6724 | D:6      | Reached skill level 5 in Fighting
  7113 | D:6      | XOM: stat loss: -1 Str (10/11)
  7184 | D:6      | Identified the +0 plate armour of the Hot Ocelot {Rampage
                  | Str+2}
  7380 | D:6      | Reached XP level 9. HP: 31/59 MP: 0/0
  7380 | D:6      | Learned a level 3 spell: Spider Form
  7598 | D:6      | Found a blossoming altar of Fedhas.
  7598 | D:6      | Found a glowing silver altar of Zin.
  7606 | D:6      | XOM: confusion (+ monsters)
  7976 | D:5      | HP: 1/59 [something/puff of flame (2)]
  8010 | D:5      | XOM: give mutations
  8010 | D:5      | Gained mutation: You occasionally shout uncontrollably at
                  | your foes. [Xom's mischief]
  8010 | D:5      | Gained mutation: You have a pair of small horns on your
                  | head. [Xom's mischief]
  8010 | D:5      | Gained mutation: Armour fits poorly on your strangely
                  | shaped body. [Xom's mischief]
  8242 | D:6      | Found a blossoming altar of Fedhas.
  8246 | D:6      | Found a burning altar of Makhleb.
  8247 | D:6      | Found a glowing silver altar of Zin.
  9198 | D:7      | XOM: give mutations
  9198 | D:7      | Gained mutation: You are very frail. (-20% HP) [Xom's
                  | mischief]
  9198 | D:7      | Lost mutation: You have a pair of small horns on your head.
                  | [Xom's mischief]
  9198 | D:7      | Gained mutation: You are very clumsy. (Dex -4) [Xom's
                  | mischief]
  9198 | D:7      | Gained mutation: You are dopey. (Int -2) [Xom's mischief]
  9493 | D:7      | XOM: summons 14 hostile demons
  9855 | D:7      | Found a white marble altar of Elyvilon.
  9886 | D:7      | XOM: give mutation
  9886 | D:7      | Gained mutation: You are extremely frail. (-30% HP) [Xom's
                  | mischief]
 10025 | D:7      | XOM: give mutations
 10025 | D:7      | Lost mutation: You are extremely frail. (-30% HP) [Xom's
                  | mischief]
 10025 | D:7      | Gained mutation: You are very dopey. (Int -4) [Xom's
                  | mischief]
 10025 | D:7      | Gained mutation: Your body sometimes deteriorates upon
                  | taking damage. [Xom's mischief]
 10387 | D:8      | Found a hazy altar of Hepliaklqana.
 10409 | D:8      | Found an opulent altar of Gozag.
 10511 | D:8      | Reached skill level 5 in Spellcasting
 10626 | D:8      | XOM: chaos upgrade
 10879 | D:8      | Reached ** piety under Ashenzari
 11258 | D:8      | Mangled by a vampire

Illustrated notes

Levels and vault maps discovered:
D:1:      lightli_arrival_statuegarden, layout_basic,
          hellmonk_ecumenical_altar_arch_garden
D:2:      cheibrodos_greedy_goblins, layout_basic
D:3:      cheibrodos_old_hovel, layout_rooms, nzn_wu_jian_contemplation,
          mainiacjoe_overflow_boulevard, nicolae_kikubaaqudgha_miasma_corner,
          uniq_crazy_yiuf_cottage
D:4:      kb_forest_paths, layout_loops_ring, lemuel_crystal_altar,
          gup_ossuary_entry_pyramid, uniq_edmund
D:5:      layout_gridville, temple_pool_b, kennysheep_cluttered_room,
          serial_park_tiny_1, roderic_batcave, grunt_decor_arrowhead
D:6:      lemuel_ratsnest, layout_basic, grunt_temple_overflow_open
D:7:      layout_basic, mainiacjoe_overflow_alcove_2, minmay_misc_feat_columns,
          nrook_pool_corridor, kennysheep_boxes
D:8:      layout_rooms, mainiacjoe_overflow_paths,
          mainiacjoe_overflow_tiny_flanked, minmay_misc_feat_iff,
          minmay_misc_feat_alley, hangedman_abyss_or_decor_stagger,
          minmay_misc_feat_secret_circle, kennysheep_donut, nzn_life_drinkers
Temple:   jpeg_temple_alley_garden

Skill      XL: |  1  2  3  4  5  6  7  8  9 |
---------------+----------------------------+-----
Short Blades   | 3 4 6 |  6.7
Spellcasting   | 1 3 5 |  5.3
Dodging        | 3 4 |  4.0
Armour         | 2 4 |  4.0
Fighting       | 4 5 |  5.0

Action                   |  1- 3 |  4- 6 |  7- 9 || total
-------------------------+-------+-------+-------++-------
Melee: Short sword       |   103 |   248 |    36 ||   387
       Dagger            |       |    11 |       ||    11
       Demon blade       |       |       |   377 ||   377
       Headbutt          |       |       |     1 ||     1
 Cast: Animate Skeleton  |       |     1 |     2 ||     3
       Call Canine Famil |       |       |    11 ||    11
Invok: Curse Item        |       |       |     3 ||     3
  Use: Scroll            |       |     1 |     1 ||     2
       Potion            |       |       |     4 ||     4
 Stab: Sleeping          |     1 |       |       ||     1
       Confused          |       |     2 |       ||     2
Armor: Leather armour    |    22 |    55 |   124 ||   201
Dodge: Dodged            |    46 |   118 |   347 ||   511
Block: Other             |    16 |    49 |    91 ||   156
       Reflection        |       |     3 |     2 ||     5
       Rpst.: Demon blade |       |       |    86 ||    86
